 Dungeon Crawl Stone Soup version 0.30-a0-782-ge64f9170bb (webtiles) character file.

Game seed: 2196844827956476248

9 Goldberg the Poker (level 2, 24/29 HPs)
             Began as an Ogre Gladiator on Feb 18, 2023.
             Quit the game on level 1 of the Dungeon.
             The game lasted 00:00:53 (136 turns).

Goldberg the Poker (Ogre Gladiator)                  Turns: 136, Time: 00:00:54

Health: 24/29      AC:  3    Str: 17    XL:     2   Next: 12%
Magic:  2/2        EV: 10    Int:  9    God:
Gold:   2          SH:  0    Dex: 10    Spells: 1/1 levels left

rFire   . . .      SeeInvis .    a - +0 trident
rCold   . . .      Faith    .    (no shield)
rNeg    . . .      Spirit   .    b - +0 robe
rPois   .          Reflect  .    c - +0 hat
rElec   .          Harm     .    (no cloak)
rCorr   .          Rampage  .    (gloves unavailable)
Will    .....                    (boots unavailable)
Stlth   +                        (no amulet)
HPRegen 0.24/turn                (no ring)
MPRegen 0.08/turn                (no ring)

@: no status effects
A: large, unfitting armour, tough skin 1
a: no special abilities


You were on level 1 of the Dungeon.
You visited 1 branch of the dungeon, and saw 1 of its levels.

You collected 2 gold pieces.

Inventory:

Hand Weapons
 a - a +0 trident (weapon)
Missiles
 d - 3 throwing nets (quivered)
 e - a large rock
Armour
 b - a +0 robe (worn)
 c - a +0 hat (worn)


   Skills:
 + Level 2.8 Fighting
 + Level 3.2 Polearms
 + Level 2.1 Throwing
 + Level 2.9 Dodging


You had one spell level left.
You didn't know any spells.
Your spell library was empty.

Dungeon Overview and Level Annotations

Branches:
Dungeon (1/15)

Altars:


Innate Abilities, Weirdness & Mutations

You are too large for most types of armour.
You have tough skin. (AC +1)


Message History

You hit the bat but do no damage. The bat hits you but does no damage.
The bat hits you but does no damage. The bat hits you but does no damage.
The bat hits you. The bat hits you but does no damage. The bat hits you.
You barely miss the bat. The bat hits you but does no damage.
The bat closely misses you. The bat hits you but does no damage.
The bat barely misses you.
Found 12 gold pieces.
The bat hits you but does no damage. The bat barely misses you.
The bat barely misses you.
You hit the bat.
The bat is moderately wounded.
The bat hits you but does no damage. The bat misses you.
You reach to attack!
You closely miss the bat.
The bat is moderately wounded.
The bat hits you.
You reach to attack!
You hit the bat.
You kill the bat!
You open the door.
There is an open door here.
A ball python comes into view.
The ball python hisses angrily.
A ball python comes into view.
Found a stone staircase leading down.
The ball python hisses angrily.
The ball python closely misses you.
You closely miss the ball python.
The ball python bites you but does no damage.
You puncture the ball python!
You kill the ball python!
You barely miss the ball python. The ball python bites you. x2
You closely miss the ball python. The ball python bites you.
You hit the ball python.
You kill the ball python!
Are you sure you want to abandon this character and quit the game? (Confirm with "yes".)

### #####>###
.##.......+
.....)....#
..........#
..........#
.......@..#
....#..?..#######
. #?..........#
#...........##
.....###.......#.
#####
#.......#.######
###'#####......#
#...###......#
###..##......#


There were no monsters in sight!

Vanquished Creatures
  3 ball pythons (D:1)
  An endoplasm (D:1)
  A giant cockroach (D:1)
  A hobgoblin (D:1)
  A kobold (D:1)
  A bat (D:1)
8 creatures vanquished.

Notes
Turn   | Place    | Note
-------+----------+-------------------------------------------
     0 | D:1      | Goldberg the Ogre Gladiator began the quest for the Orb.
     0 | D:1      | Reached XP level 1. HP: 22/22 MP: 1/1
    73 | D:1      | Reached XP level 2. HP: 28/29 MP: 2/2
   136 | D:1      | Quit the game

Illustrated notes

Levels and vault maps discovered:
D:1:      minmay_arrival_semitransparent, layout_basic, minivault_14

Action                     || total
---------------------------++-------
  Melee: Trident           ||    26
 Armour: Robe              ||    11
  Dodge: Dodged            ||    16

Table legend: (Time is in decaauts)
 A = Elapsed time spent in this place.
 B = Non-inter-level travel time spent in this place.
 C = Inter-level travel time spent in this place.
 D = Time resting spent in this place.
 E = Time spent auto-exploring this place.
 F = Levels seen in this place.
 G = Mean time per level.
                   A        B        C        D        E       F      G
               +--------+--------+--------+--------+--------+-----+--------+
         Total |    140 |    140 |      0 |      0 |     35 |   1 |  140.0 |
       Dungeon |    140 |    140 |      0 |      0 |     35 |   1 |  140.0 |
               +--------+--------+--------+--------+--------+-----+--------+

Top non-repeatable levels by time:
     D:1: 140 daAuts
